 Dungeon Crawl Stone Soup version 0.28.0-56-g4927b6849a (webtiles) character file.

Game seed: 11520963101539895404

5394 gaming the Destroyer (level 10, -1/77 HPs)
             Began as a White Draconian Conjurer on Feb 8, 2023.
             Was a High Priest of Jiyva.
             Succumbed to a kobold brigand's poison
             ... on level 7 of the Dungeon.
             The game lasted 00:25:31 (5424 turns).

gaming the Destroyer (White Draconian Conjurer)     Turns: 5424, Time: 00:25:32

Health: -1/77      AC:  8    Str: 15 (16) XL:     10   Next: 40%
Magic:  21/21      EV: 13    Int: 19 (22) God:    Jiyva [*****.]
Gold:   207        SH:  0    Dex:  8 (10) Spells: 17/24 levels left

rFire   . . .      SeeInvis .   o - +2 flail (holy)
rCold   + . .      Faith    .   (no shield)
rNeg    . . .      Spirit   .   (armour unavailable)
rPois   .          Reflect  .   (helmet restricted)
rElec   .          Harm     .   (no cloak)
rCorr   +          Rampage  .   (gloves unavailable)
Will    +....                   b - +0 pair of boots
Stlth   ++........              (no amulet)
HPRegen 1.66/turn               k - +6 ring of strength
MPRegen 0.62/turn               l - ring of willpower

@: lethally poisoned (-1 -> -14), on berserk cooldown, slowed, very slow
A: breathe frost, AC +7, unfitting armour, cold resistance 1, cold-blooded,
claws 3, jelly absorbing missiles
a: Breathe Frost, Renounce Religion, Oozemancy, Slimify


You were on level 7 of the Dungeon.
You worshipped Jiyva.
Jiyva was extremely pleased with you.
You visited 2 branches of the dungeon, and saw 8 of its levels.

You collected 207 gold pieces.

Inventory:

Hand Weapons
 a - a +0 short sword
 i - a +3 short sword
 n - a +0 giant club
 o - a +2 flail of holy wrath (weapon)
 u - a +2 scythe of venom
 w - a +2 vorpal falchion
Missiles
 f - a throwing net
Armour
 b - a +0 pair of boots (worn)
Jewellery
 k - a +6 ring of strength (left claw)
 l - a ring of willpower (right claw)
 v - a ring of wizardry
Scrolls
 e - 3 scrolls of magic mapping {unknown}
 g - a scroll of enchant armour {unknown}
 m - 6 scrolls of identify {unknown}
 q - a scroll of fog {unknown}
 r - a scroll of summoning {unknown}
 t - a scroll of teleportation {unknown}
Potions
 d - a potion of flight
 j - a potion of degeneration
 p - a potion of cancellation


   Skills:
 + Level 3.3 Fighting
 + Level 1.6(2.0) Short Blades
 + Level 1.5(2.0) Long Blades
 + Level 1.5(2.6) Axes
 + Level 2.7(3.2) Maces & Flails
 + Level 1.5(2.2) Polearms
 + Level 1.5(2.6) Staves
 + Level 1.4(1.7) Slings
 + Level 1.4 Bows
 + Level 1.4 Crossbows
 + Level 1.4(1.7) Throwing
 + Level 5.1 Dodging
 + Level 4.3 Stealth
 + Level 1.5 Shields
 + Level 1.6 Unarmed Combat
 + Level 7.8 Spellcasting
 + Level 8.7 Conjurations
 + Level 1.4 Hexes
 + Level 1.5 Summonings
 + Level 1.5 Necromancy
 + Level 2.0 Translocations
 + Level 2.7 Transmutations
 + Level 1.2 Fire Magic
 + Level 2.0 Ice Magic
 + Level 1.5 Air Magic
 + Level 2.4 Earth Magic
 + Level 1.5 Poison Magic
 + Level 1.7 Invocations
 + Level 1.5 Evocations


You had 17 spell levels left.
You knew the following spells:

 Your Spells              Type           Power      Damage    Failure   Level
a - Magic Dart            Conj           100%       1d8       1%          1
b - Searing Ray           Conj           80%        2d7       1%          2
c - Iskenderun's Mystic   Conj/Tloc      27%        2d7       10%         4

Your spell library contained the following spells:

 Spells                   Type           Power      Damage    Failure   Level
 Beastly Appendage        Tmut           34%        N/A       3%          1
 Dazzling Flash           Conj/Hex       52%        N/A       3%          3
 Wereblood                Tmut           17%        N/A       4%          2
 Spider Form              Tmut/Pois      15%        N/A       12%         3
 Fulminant Prism          Conj/Hex       13%        3d9       12%         4


Dungeon Overview and Level Annotations

Branches:
Dungeon (7/15)             Temple (1/1) D:6

Altars:
Ashenzari
Cheibriados
Dithmenos
Elyvilon
Gozag
Makhleb
Nemelex Xobeh
Qazlal
Sif Muna
Trog
Uskayaw
Vehumet
Xom
Yredelemnul
Zin
The Shining One
Jiyva

Shops:
D:3 (


Innate Abilities, Weirdness & Mutations

You can breathe waves of freezing cold which knock back foes.
Your icy white scales are hard. (AC +7)
You cannot fit into any form of body armour.
Your flesh is cold resistant. (rC+)
You are cold-blooded and may be slowed by cold attacks.
You have claws for hands.
You have a small jelly attached to you that may absorb projectiles.


Message History

The kobold brigand hits you with a +1 dagger of venom.
* * * LOW HITPOINT WARNING * * *
The kobold brigand closely misses you.
Things that are here:
a +0 dagger; a +0 robe You hit the kobold brigand.
Your tail-slap misses the kobold brigand.
The kobold brigand is severely wounded.
You feel sick.
You barely miss the kobold brigand.
The kobold brigand is severely wounded.
You feel sick.
The kobold brigand hits you with a +1 dagger of venom.
* * * LOW HITPOINT WARNING * * *
You are more poisoned.
The kobold brigand misses you.
You swap places.
You are no longer berserk.
You are exhausted.
You feel yourself slow down.
* * * LOW HITPOINT WARNING * * *
You feel very sick.
The kobold brigand throws a poisoned dart.
The poisoned dart barely misses your rockslime.
The poisoned dart hits you!
You are lethally poisoned!
The kobold brigand hits your rockslime but does no damage.
Your rockslime hits the kobold brigand.
The kobold brigand holds its ground!
Aiming: Breathe Frost (3% risk of failure)
Press: ? - help, Shift-Dir - straight line, f/p - kobold brigand
Aim: a kobold brigand, wielding a +4 short sword of venom and quivering curare-tipped darts (severely wounded, ally target, 60% to hit)
Really fire in the rockslime's direction?
This attack would place you under penance!
Okay, then.
Aiming: Breathe Frost (3% risk of failure)
Press: ? - help, Shift-Dir - straight line, f - kobold brigand, p - kobold brigand
Aim: a kobold brigand, wielding a +1 dagger of venom and quivering poisoned darts (almost dead, 60% to hit)
Really fire in the rockslime's direction?
This attack would place you under penance!
Okay, then.
Okay, then.
You die...

#..........#####
####.#######$..##
####'######.....##
#.......##P.#.#.P#
#.......##⌠.#.#.⌠#
#..J....##≈.#.#.≈#
#.......###...KK###
#.......#.##§KK##.#
#..........J.KKJ@.#
#...........§§#####
#.......#######
#.......# #.......#
#########


You could see 6 kobold brigands, a neutral jelly (wandering)(fellow slime) and a
friendly rockslime (summoned).

Vanquished Creatures
  A kobold demonologist (D:7)
  Sigmund (D:6)
  Eustachio (D:6)
  Edmund (D:4)
  A necrophage (D:5)
  An ogre (D:4)
  2 black bears
  A phantom (D:4)
  2 kobold brigands
  A bullfrog (D:7)
  A scorpion (D:6)
  5 wights (D:7)
  A howler monkey (D:5)
  2 orc priests (D:7)
  5 adders
  19 gnolls
  2 ufetubi (D:6)
  An adder skeleton (D:4)
  A worm (D:4)
  3 dart slugs
  4 orcs
  4 giant cockroaches
  3 goblins
  6 hobgoblins
  6 jackals
  2 quokkas (D:3)
  5 ball pythons
  4 bats
  A frilled lizard (D:3)
  10 kobolds
  8 rats
105 creatures vanquished.

Vanquished Creatures (collateral kills)
  Harold (D:7)
  The ghost of cbfl8 the Cleaver, a novice MiBe of Trog (D:7)
  3 gnolls (D:7)
5 creatures vanquished.

Vanquished Creatures (others)
  A scorpion (D:5)
  A hound (D:5)
  A jelly (D:5)
  2 orc wizards (D:6)
  A howler monkey zombie (D:6)
  An adder (D:5)
  2 gnolls (D:4)
  4 orcs
  4 endoplasms (D:4)
  A hobgoblin (D:4)
  A quokka (D:4)
  A goblin (D:4)
  A kobold (D:6)
  A fungus (D:7)
  9 plants
31 creatures vanquished.

Grand Total: 141 creatures vanquished

Notes
Turn   | Place    | Note
-------+----------+-------------------------------------------
     0 | D:1      | gaming the Draconian Conjurer began the quest for the Orb.
     0 | D:1      | Reached XP level 1. HP: 14/14 MP: 3/3
   251 | D:1      | Found a faded altar of an unknown god.
   261 | D:1      | Prayed at the altar of an unknown god.
   261 | D:1      | Became a worshipper of Jiyva Jouf the Shapeless
   261 | D:1      | Reached * piety under Jiyva
   287 | D:1      | Reached XP level 2. HP: 20/20 MP: 0/5
   895 | D:1      | Reached ** piety under Jiyva
  1117 | D:2      | Reached XP level 3. HP: 26/26 MP: 4/6
  1131 | D:2      | Learned a level 2 spell: Searing Ray
  1291 | D:2      | Reached XP level 4. HP: 33/33 MP: 3/7
  1335 | D:2      | Reached skill level 5 in Conjurations
  1718 | D:2      | Reached XP level 5. HP: 38/38 MP: 6/9
  1849 | D:2      | Reached *** piety under Jiyva
  2234 | D:3      | Found Atintomn's Antique Weapon Shop.
  2445 | D:3      | Gained mutation: You have a small jelly attached to you
                  | that may absorb projectiles. [Jiyva's grace]
  2445 | D:3      | Gained mutation: You have sharp fingernails. [Jiyva's
                  | grace]
  2445 | D:3      | Gained mutation: You have very sharp fingernails. [Jiyva's
                  | grace]
  2445 | D:3      | Gained mutation: You have claws for hands. [Jiyva's grace]
  2543 | D:3      | Found a glowing drain.
  2698 | D:4      | Noticed a black bear
  2706 | D:4      | Noticed a phantom
  2709 | D:4      | You fall into a shaft and drop 1 floor!
  2709 | D:5      | Entered Level 5 of the Dungeon
  2738 | D:4      | Noticed a black bear
  2762 | D:4      | Killed a black bear
  2763 | D:4      | Reached XP level 6. HP: 44/45 MP: 5/11
  2787 | D:4      | Learned a level 4 spell: Iskenderun's Mystic Blast
  2907 | D:4      | Reached skill level 6 in Conjurations
  3054 | D:3      | Your scales start taking on an icy white colour.
  3054 | D:3      | Reached XP level 7. HP: 50/50 MP: 10/13
  3054 | D:3      | Gained mutation: Your flesh is cold resistant. (rC+) [White
                  | Draconian growth]
  3268 | D:4      | Reached **** piety under Jiyva
  3403 | D:4      | Found a bloodstained altar of Trog.
  3404 | D:4      | Noticed Edmund
  3428 | D:4      | Killed Edmund
  3429 | D:4      | Reached skill level 1 in Fighting
  4088 | D:5      | Noticed a troll
  4324 | D:6      | Noticed Sigmund
  4337 | D:6      | Killed Sigmund
  4338 | D:6      | Reached skill level 5 in Spellcasting
  4338 | D:6      | Reached skill level 1 in Translocations
  4338 | D:6      | Reached XP level 8. HP: 59/59 MP: 11/15
  4374 | D:6      | Found a burning altar of Makhleb.
  4463 | D:6      | Reached skill level 7 in Conjurations
  4527 | D:6      | Noticed Eustachio
  4550 | D:6      | Killed Eustachio
  4622 | D:6      | Reached ***** piety under Jiyva
  4746 | D:6      | Found a staircase to the Ecumenical Temple.
  4755 | Temple   | Entered the Ecumenical Temple
  5220 | D:7      | Noticed Harold
  5239 | D:7      | Killed Harold
  5240 | D:7      | Reached skill level 1 in Maces & Flails
  5240 | D:7      | Reached skill level 8 in Conjurations
  5240 | D:7      | Reached XP level 9. HP: 27/67 MP: 16/18
  5379 | D:7      | Found a runed translucent gate.
  5380 | D:7      | Found a runed translucent gate.
  5380 | D:7      | Noticed a kobold demonologist
  5381 | D:7      | Found a runed translucent gate.
  5384 | D:7      | Noticed cbfl8's ghost (novice MiBe)
  5409 | D:7      | Reached skill level 1 in Short Blades
  5409 | D:7      | Reached skill level 1 in Long Blades
  5409 | D:7      | Reached skill level 1 in Axes
  5409 | D:7      | Reached skill level 1 in Polearms
  5409 | D:7      | Reached skill level 1 in Staves
  5409 | D:7      | Reached skill level 1 in Slings
  5409 | D:7      | Reached skill level 1 in Bows
  5409 | D:7      | Reached skill level 1 in Crossbows
  5409 | D:7      | Reached skill level 1 in Throwing
  5409 | D:7      | Reached skill level 5 in Dodging
  5409 | D:7      | Reached skill level 1 in Shields
  5409 | D:7      | Reached skill level 1 in Unarmed Combat
  5409 | D:7      | Reached skill level 1 in Hexes
  5409 | D:7      | Reached skill level 1 in Summonings
  5409 | D:7      | Reached skill level 1 in Necromancy
  5409 | D:7      | Reached skill level 1 in Fire Magic
  5409 | D:7      | Reached skill level 1 in Air Magic
  5409 | D:7      | Reached skill level 1 in Poison Magic
  5409 | D:7      | Reached skill level 1 in Invocations
  5409 | D:7      | Reached skill level 1 in Evocations
  5409 | D:7      | Reached XP level 10. HP: 9/77 MP: 15/21
  5409 | D:7      | HP: 1/77 [cbfl8's ghost (9)]
  5412 | D:7      | Killed cbfl8's ghost
  5424 | D:7      | Succumbed to a kobold brigand's poison

Illustrated notes

Levels and vault maps discovered:
D:1:      dpeg_arrival_round_a, layout_basic, ebering_ecumenical_altar_hall
D:2:      layout_basic, serial_bayou_crossing
D:3:      layout_rooms, portal_sewer_entry_b, serial_shops, nicolae_shop_stone
D:4:      minmay_door_path, layout_cave_pools, lightli_temple_of_fire,
          uniq_edmund
D:5:      layout_rooms, lightli_corner_chamber
D:6:      layout_loops_ring, mainiacjoe_overflow_brackets, temple_green,
          uniq_eustachio, uniq_sigmund
D:7:      layout_basic, tgw_kikubaaqudgha, gammafunk_ghost_nasty_kobolds,
          uniq_harold
Temple:   nicolae_temple_great_sept

Skill      XL: |  1  2  3  4  5  6  7  8  9 |
---------------+----------------------------+-----
Stealth        | 2 3 4 |  4.3
Dodging        | 2 3 4 5 |  5.1
Conjurations   | 5 6 8 |  8.7
Spellcasting   | 3 4 5 6 7 |  7.8
Fighting       | 1 2 3 |  3.3
Translocations | 1 2 |  2.0
Maces & Flails | 1 2 |  2.7
Short Blades   | 1 |  1.6
Long Blades    | 1 |  1.5
Axes           | 1 |  1.5
Polearms       | 1 |  1.5
Staves         | 1 |  1.5
Slings         | 1 |  1.4
Bows           | 1 |  1.4
Crossbows      | 1 |  1.4
Throwing       | 1 |  1.4
Shields        | 1 |  1.5
Unarmed Combat | 1 |  1.6
Hexes          | 1 |  1.4
Summonings     | 1 |  1.5
Necromancy     | 1 |  1.5
Transmutations | 2 |  2.7
Fire Magic     | 1 |  1.2
Ice Magic      | 2 |  2.0
Air Magic      | 1 |  1.5
Earth Magic    | 2 |  2.4
Poison Magic   | 1 |  1.5
Invocations    | 1 |  1.7
Evocations     | 1 |  1.5

Action                   |  1- 3 |  4- 6 |  7- 9 | 10-12 || total
-------------------------+-------+-------+-------+-------++-------
Melee: Unarmed           |    20 |       |       |       ||    20
       Tailslap          |     4 |     2 |       |     1 ||     7
       Short sword       |     9 |     7 |       |       ||    16
       Flail             |       |       |    13 |     6 ||    19
 Cast: Magic Dart        |    69 |   100 |   109 |       ||   278
       Searing Ray       |       |     4 |     7 |       ||    11
       Iskenderun's Myst |       |     2 |       |       ||     2
 Abil: Breathe Frost     |       |       |     3 |       ||     3
  Use: Potion            |       |       |     1 |     5 ||     6
Armor: Skin              |    36 |    27 |    19 |     6 ||    88
Dodge: Dodged            |    65 |    45 |    64 |    10 ||   184
